 Dungeon Crawl Stone Soup version 0.31-a0-925-g0a390f2509 (webtiles) character file.

Game seed: 233646475200025444

3134 Hubris850 the Cleaver (level 9, -3/57 (70) HPs)
             Began as a Hill Orc Fighter on Oct 18, 2023.
             Was a Believer of Nemelex Xobeh.
             Slain by a vampire (8 damage)
             ... on level 8 of the Dungeon.
             The game lasted 00:14:22 (7011 turns).

Hubris850 the Cleaver (Hill Orc Fighter)            Turns: 7011, Time: 00:14:23

HP:   -3/57 (70)    AC: 11    Str: 23    XL:     9   Next: 92%
MP:   0/16          EV:  9    Int:  8    God:    Nemelex Xobeh [**....]
Gold: 287           SH:  6    Dex: 10    Spells: 8/8 levels left

rFire   + . .        a - +0 war axe (venom)
rCold   . . .        c - +1 buckler
rNeg    . . .        q - +3 scale mail {rF+}
rPois   .            (no helmet)
rElec   .            w - +0 cloak
rCorr   +            (no gloves)
SInv    +            (no boots)
Will    .....        m - amulet of guardian spirit Stlth
                     J - ring of see invisible
HPRegen 0.29/turn    t - ring of resist corrosion
MPRegen 0.15/turn

%: guardian spirit
@: heavily drained
A: no striking features
a: Renounce Religion, Draw Escape, Draw Destruction, Draw Summoning


You were on level 8 of the Dungeon.
You worshipped Nemelex Xobeh.
Nemelex Xobeh was pleased with you.
You visited 2 branches of the dungeon, and saw 9 of its levels.

You collected 287 gold pieces.

Inventory:

Hand Weapons
 a - a +0 war axe of venom (weapon)
 e - a +1 mace of protection
 o - a +2 mace of protection
 y - a +2 long sword of holy wrath
Missiles
 x - 5 boomerangs
Armour
 b - a +0 scale mail
 c - a +1 buckler (worn)
 f - a scarf of shadows
 g - a +1 ring mail of poison resistance
 k - an orb of guile
 q - a +3 scale mail of fire resistance (worn)
 w - a +0 cloak (worn)
Jewellery
 m - an amulet of guardian spirit (around neck)
 t - a ring of resist corrosion (right hand)
 F - a +6 ring of intelligence
 J - a ring of see invisible (left hand)
Talismans
 D - a blade talisman
Wands
 h - a wand of polymorph (7)
 p - a wand of roots (12)
 A - a wand of digging (1)
 G - a wand of acid (8)
Scrolls
 i - a scroll of blinking
 n - 2 scrolls of amnesia
 E - a scroll of teleportation
 I - a scroll of enchant armour
Potions
 d - 3 potions of might
 j - 3 potions of magic
 l - a potion of brilliance
 r - a potion of lignification
 s - 3 potions of curing
 u - a potion of enlightenment
 v - a potion of berserk rage
 B - 3 potions of heal wounds
 C - 3 potions of resistance
 H - a potion of mutation {unknown}


   Skills:
 - Level 3.6 Fighting
 + Level 13.3 Axes
 - Level 5.0 Armour
 - Level 5.0 Shields
 + Level 9.7 Invocations


You had 8 spell levels left.
You didn't know any spells.
Your spell library contained the following spells:

 Spells                   Type           Power      Damage    Failure   Level
 Sublimation of Blood     Necr           0%         N/A       88%         2
 Wereblood                Tmut           0%         N/A       88%         2
 Dazzling Flash           Conj/Hex       0%         N/A       98%         3
 Cause Fear               Hex            0%         N/A       100%        4
 Agony                    Necr           0%         N/A       100%        5
 Fireball                 Conj/Fire      0%         3d3       100%        5
 Silence                  Hex/Air        0%         N/A       100%        5
 Summon Hydra             Summ           0%         N/A       100%        7
 Dragon's Call            Summ           0%         N/A       100%        9


Dungeon Overview and Level Annotations

Branches:
Dungeon (8/15)             Temple (1/1) D:4
   Lair: D:8-11

Altars:
Cheibriados
Dithmenos
Fedhas
Gozag
Hepliaklqana
Kikubaaqudgha
Makhleb
Nemelex Xobeh
Okawaru
Qazlal
Ru
Sif Muna
Trog
Uskayaw
Vehumet
Wu Jian
Xom
Yredelemnul
Zin
The Shining One

Shops:
D:1 :   D:2 [   D:3 (

Annotations:
D:8 Jeremiah


Message History

You kill the butterfly!
The butterfly disappears in a burst of colours!
You hit the vampire but do no damage. You hit the butterfly.
You kill the butterfly!
The butterfly disappears in a burst of colours!
The vampire completely misses you. The vampire bites you.
The vampire draws strength from your injuries!
The butterfly disappears in a burst of colours!
Jeremiah mumbles a slurred invocation.
Something smites you!
* * * LOW HITPOINT WARNING * * *
The vampire hits you but does no damage.
The vampire bites you.
The vampire draws strength from your injuries!
You feel better.
The butterfly disappears in a burst of colours!
Jeremiah hits you with a +3 trident of draining.
* * * LOW HITPOINT WARNING * * *
You feel drained.
* * * LOW HITPOINT WARNING * * *
The vampire hits you but does no damage.
The vampire bites you but does no damage.
You draw a card...
You have drawn the Illusion.
Suddenly you stand beside yourself.
The butterfly disappears in a burst of colours! x2
Jeremiah hits you but does no damage.
You feel drained. The vampire barely misses you. The vampire bites you.
* * * LOW HITPOINT WARNING * * *
The vampire draws strength from your injuries!
You swap places.
The butterfly disappears in a burst of colours!
Jeremiah closely misses you. The vampire attacks as it pursues you!
You block the vampire's attack. The vampire bites you!
* * * LOW HITPOINT WARNING * * *
The vampire draws strength from your injuries!
Hubris850's illusion hits Jeremiah but does no damage.
Jeremiah closely misses Hubris850's illusion.
Hubris850's illusion hits Jeremiah.
Jeremiah is poisoned.
The vampire hits you!
You die...
Your body glows slightly and disappears.

.. ....... ...
....... ....
#.......## ....##
#.........#
#....##.........#
#...............#.
#................
###..@V.bb......#
##.##..b.........#
#...##b@b.........
#....b.F.)........
##..bb..##b....##
#.))..###.....#
##<..###......#
#.b.....##....$...
#..........######.##


You could see Jeremiah (very poisoned, ally target), a vampire (invisible) and
the friendly Hubris850's illusion (summoned).

Vanquished Creatures
  A centaur warrior (D:7)
  Maurice (D:8)
  A wyvern (D:7)
  A steam dragon (D:7)
  2 orc warriors
  4 ice beasts
  3 centaurs
  A phantom (D:5)
  2 scorpions
  4 wights
  2 howler monkeys (D:8)
  4 hounds
  2 orc priests (D:6)
  A jelly (D:6)
  A gnoll bouda (D:5)
  4 iguanas
  3 sleepcaps
  2 orc wizards
  5 gnolls (D:5)
  4 adders
  A white imp (D:8)
  4 ufetubi (D:6)
  A worm (D:2)
  A dart slug (D:1)
  14 orcs
  10 endoplasms
  2 giant cockroaches
  11 goblins
  4 hobgoblins
  8 jackals (D:3)
  3 kobolds
  5 quokkas
  9 ball pythons
  4 bats
  4 frilled lizards
  8 rats
137 creatures vanquished.

Notes
Turn   | Place    | Note
-------+----------+-------------------------------------------
     0 | D:1      | Hubris850 the Hill Orc Fighter began the quest for the Orb.
     0 | D:1      | Reached XP level 1. HP: 19/19 MP: 1/1
   140 | D:1      | Reached skill level 3 in Axes
   141 | D:1      | Reached XP level 2. HP: 26/26 MP: 2/2
   142 | D:1      | Found Buuqon's Book Shoppe.
   466 | D:1      | Reached XP level 3. HP: 31/31 MP: 3/3
   689 | D:2      | Found Rigguv's Antique Armour Shop.
  1437 | D:3      | Reached XP level 4. HP: 37/39 MP: 4/4
  1451 | D:3      | Found Fapt's Weapon Shoppe.
  1509 | D:3      | Reached skill level 4 in Axes
  2312 | D:3      | Reached XP level 5. HP: 45/45 MP: 5/5
  2504 | D:4      | Noticed a centaur
  2512 | D:4      | Killed a centaur
  2513 | D:4      | Reached skill level 5 in Axes
  2620 | D:4      | Found a staircase to the Ecumenical Temple.
  2638 | Temple   | Entered the Ecumenical Temple
  2669 | Temple   | Became a worshipper of Nemelex Xobeh the Trickster
  2894 | D:4      | Reached XP level 6. HP: 49/51 MP: 4/6
  2923 | D:4      | Reached skill level 5 in Armour
  2923 | D:4      | Reached skill level 5 in Shields
  3226 | D:5      | Entered Level 5 of the Dungeon
  3228 | D:5      | Reached * piety under Nemelex Xobeh
  3247 | D:5      | Reached skill level 6 in Axes
  3516 | D:5      | Noticed an orc warrior
  3529 | D:5      | Killed an orc warrior
  3530 | D:5      | Reached skill level 7 in Axes
  3530 | D:5      | Reached XP level 7. HP: 11/57 MP: 2/7
  3534 | D:5      | Reached skill level 8 in Axes
  3938 | D:5      | Reached skill level 9 in Axes
  4212 | D:5      | Received a gift from Nemelex Xobeh
  4270 | D:6      | Reached skill level 1 in Invocations
  4270 | D:6      | Reached XP level 8. HP: 56/64 MP: 6/9
  4436 | D:6      | Reached skill level 10 in Axes
  5070 | D:6      | Reached ** piety under Nemelex Xobeh
  5249 | D:6      | Reached skill level 5 in Invocations
  5606 | D:7      | Found a bloodstained altar of Trog.
  5699 | D:7      | Reached skill level 11 in Axes
  5976 | D:7      | Noticed a wyvern
  6124 | D:7      | Killed a wyvern
  6125 | D:7      | Reached XP level 9. HP: 43/70 MP: 9/14
  6303 | D:7      | Found a sacrificial altar of Ru.
  6303 | D:7      | Found an iron altar of Okawaru.
  6721 | D:8      | Noticed a centaur warrior
  6731 | D:8      | Noticed Maurice
  6733 | D:8      | Reached skill level 12 in Axes
  6738 | D:7      | Killed a centaur warrior
  6941 | D:8      | Killed Maurice
  6942 | D:8      | Reached skill level 13 in Axes
  6981 | D:8      | Noticed Jeremiah
  7011 | D:8      | Slain by a vampire

Illustrated notes

Levels and vault maps discovered:
D:1:      nzn_arrival_depleted_hourglass, layout_rooms, serial_shops,
          nicolae_shop_tiny_real_fake_doors, minmay_3d_cube
D:2:      layout_loops_cross, serial_shops, nicolae_diamond_shop
D:3:      layout_basic, serial_co_window_serial, co_window_paths_b,
          co_window_paths_a, co_window_paths_b, co_window_corner_a,
          co_window_corner_a, co_window_unsneaky_path_c, co_window_broadway_c,
          co_window_corner_ca, co_window_4corner_b, co_window_sun,
          glass_columns_b, glass_columns_a, glass_columns_a, serial_shops,
          nicolae_shop_competitors_out_of_business
D:4:      layout_loops_cross, minmay_temple_entry_mini_moons, grunt_ministairs_4
D:5:      layout_basic, minmay_fractal_squares_5
D:6:      layout_basic
D:7:      layout_loops_corners, mainiacjoe_overflow_catwalk,
          gammafunk_temple_overflow_statue
D:8:      layout_cave_pools, nicolae_ashenzari_panopticon, uniq_maurice,
          uniq_jeremiah
Temple:   bh_familiar_temple

Skill      XL: |  1  2  3  4  5  6  7  8  9 |
---------------+----------------------------+-----
Axes           | 3 4 5 7 9 11 13 | 13.3
Shields        | 4 5 |  5.0
Armour         | 4 5 |  5.0
Invocations    | 1 6 9 |  9.7
Fighting       | |  3.6

Action                     |  1- 3 |  4- 6 |  7- 9 || total
---------------------------+-------+-------+-------++-------
  Melee: Mace              |   108 |   146 |    51 ||   305
         War axe           |     5 |       |   199 ||   204
 Invoke: Draw Destruction  |       |       |     5 ||     5
         Draw Summoning    |       |       |     1 ||     1
  Evoke: Wand              |       |       |     4 ||     4
    Use: Potion            |       |     2 |     2 ||     4
         Scroll            |       |       |    17 ||    17
 Armour: Scale mail        |    21 |   163 |   199 ||   383
         Ring mail         |    41 |       |       ||    41
  Dodge: Dodged            |    59 |    87 |   121 ||   267
  Block: Buckler           |    20 |    58 |    70 ||   148

Table legend: (Time is in decaauts)
 A = Elapsed time spent in this place.
 B = Non-inter-level travel time spent in this place.
 C = Inter-level travel time spent in this place.
 D = Time resting spent in this place.
 E = Time spent auto-exploring this place.
 F = Levels seen in this place.
 G = Mean time per level.
                   A        B        C        D        E       F      G
               +--------+--------+--------+--------+--------+-----+--------+
         Total |   7105 |   6842 |    263 |    884 |   4727 |   9 |  789.4 |
       Dungeon |   7054 |   6810 |    244 |    884 |   4727 |   8 |  881.8 |
        Temple |     50 |     31 |     19 |      0 |      0 |   1 |   50.0 |
               +--------+--------+--------+--------+--------+-----+--------+

Top non-repeatable levels by time:
     D:6: 1346 daAuts
     D:7: 1322 daAuts
     D:3: 1120 daAuts
     D:4: 934 daAuts
     D:5: 904 daAuts
     D:2: 702 daAuts
     D:1: 636 daAuts
     D:8: 88 daAuts
  Temple: 50 daAuts
